 Dungeon Crawl Stone Soup version 0.28-a0-938-gbc3f381ebc (webtiles) character file.

Game seed: 12127243272672002124

249 karkarkar the Chopper (level 5, -2/48 HPs)
             Began as a Minotaur Berserker on Nov 30, 2021.
             Was a Believer of Trog.
             Engulfed by a steam dragon's steam (6 damage)
             ... on level 4 of the Dungeon.
             The game lasted 00:08:50 (4135 turns).

karkarkar the Chopper (Minotaur Berserker)          Turns: 4135, Time: 00:08:51

Health: -2/48      AC:  6    Str: 22    XL:     5   Next: 86%
Magic:  4/4        EV: 10    Int:  4    God:    Trog [**....]
Gold:   183        SH:  0    Dex: 10    Spells: 4/4 levels left

rFire   . . .      SeeInvis .   a - +0 war axe
rCold   . . .      Faith    .   (no shield)
rNeg    . . .      Spirit   .   h - +0 scale mail
rPois   .          Reflect  .   (helmet restricted)
rElec   .          Harm     .   (no cloak)
rCorr   .          Rampage  .   (no gloves)
Will    .....                   (no boots)
Stlth   ..........              (no amulet)
HPRegen 0.16/turn               (no ring)
MPRegen 0.09/turn               (no ring)

@: no status effects
A: horns 2, retaliatory headbutt
a: Renounce Religion, Berserk, Trog's Hand


You were on level 4 of the Dungeon.
You worshipped Trog.
Trog was pleased with you.
You visited 1 branch of the dungeon, and saw 4 of its levels.
You also visited: Sewer.

You collected 183 gold pieces.

Inventory:

Hand Weapons
 a - a +0 war axe (weapon)
Missiles
 c - a boomerang
 q - 2 poisoned darts
Armour
 h - a +0 scale mail (worn)
Jewellery
 p - a ring of fire
Wands
 v - a wand of paralysis (10) (quivered)
Scrolls
 e - a scroll of noise
 k - a scroll of holy word {unknown}
 o - a scroll of blinking {unknown}
 r - 3 scrolls of teleportation
 u - a scroll of fear {unknown}
Potions
 b - a potion of attraction
 d - 2 potions of heal wounds
 f - a potion of degeneration {unknown}
 g - 3 potions of curing
 i - a potion of berserk rage {unknown}
 j - a potion of lignification {unknown}
 l - a potion of cancellation {unknown}
 m - a potion of mutation {unknown}
 n - a potion of invisibility {unknown}
 s - a potion of haste
 t - a potion of brilliance {unknown}


   Skills:
 + Level 5.4 Fighting
 + Level 6.5 Axes
 + Level 0.1 Throwing
 - Level 2.5 Armour
 - Level 2.2 Dodging
 + Level 1.0 Stealth


You had 4 spell levels left.
You didn't know any spells.
Your spell library was empty.

Dungeon Overview and Level Annotations

Branches:
Dungeon (4/15)              Sewer (visited)
 Temple: D:4-7

Altars:
Gozag
Kikubaaqudgha
Zin

Annotations:
D:4 1 runed translucent door, Crazy Yiuf


Innate Abilities, Weirdness & Mutations

You have a pair of horns on your head.
You reflexively headbutt those who attack you in melee.


Message History

You barely miss the ball python. You headbutt the ball python.
You kill the ball python!
Trog accepts your kill.
No target in view!
No target in view!
No target in view!
Found a club.
Found a leather armour.
A steam dragon comes into view.
The steam dragon hisses angrily.
You throw a boomerang.
The boomerang barely misses the steam dragon.
You throw a boomerang. The boomerang hits the steam dragon.
The steam dragon is lightly wounded.
The steam dragon breathes steam at you. The ball of steam misses you.
Aiming: Paralyse
Press: ? - help, Q - select action, (/) - cycle Shift-Dir - straight line, f/p - steam dragon
Aim: a steam dragon (lightly wounded, catching its breath, chance to affect: 46%)
The steam dragon resists with some effort.
Aiming: Paralyse
Press: ? - help, Q - select action, (/) - cycle Shift-Dir - straight line, f/p - steam dragon
Aim: a steam dragon (lightly wounded, chance to affect: 46%)
The steam dragon resists with some effort.
The steam dragon breathes steam at you. The ball of steam misses you.
You closely miss the steam dragon. Your headbutt misses the steam dragon.
The steam dragon is lightly wounded.
You are engulfed in a cloud of scalding steam.
The steam dragon bites you. The steam dragon claws you.
You slash the steam dragon!
The steam dragon is moderately wounded.
The steam dragon breathes steam at you. The ball of steam hits you!!
Ouch! That really hurt!
* * * LOW HITPOINT WARNING * * *
You hit the steam dragon but do no damage.
The steam dragon is moderately wounded.
You are engulfed in a cloud of scalding steam.
You die...

########
##......#
##.......#
##.########
##...# # ##..#.##
... ###..##..#
#....##§...###.##
#....D@§§.# #..#
#..[...§.§.#
##.##
#..........#
##.#######
...........#
##........
.#.........##
#..######.
#..........###.##
#...##......##.##
.### ##........#
#.......# #.#


You could see a steam dragon (catching breath).

Vanquished Creatures
  An ogre (D:4)
  Terence (D:2)
  5 adders (D:3)
  A worm (D:3)
  3 dart slugs
  2 orcs (D:4)
  4 endoplasms
  7 giant cockroaches
  3 goblins
  6 hobgoblins
  11 jackals
  6 quokkas
  8 ball pythons
  3 bats
  6 frilled lizards
  7 kobolds
  5 rats
79 creatures vanquished.

Vanquished Creatures (others)
  5 plants (Sewer)
5 creatures vanquished.

Grand Total: 84 creatures vanquished

Notes
Turn   | Place    | Note
-------+----------+-------------------------------------------
     0 | D:1      | karkarkar the Minotaur Berserker began the quest for the
                  | Orb.
     0 | D:1      | Reached XP level 1. HP: 19/19 MP: 0/0
   321 | D:1      | Reached skill level 4 in Axes
   321 | D:1      | Reached XP level 2. HP: 26/27 MP: 1/1
  1157 | D:2      | Reached XP level 3. HP: 34/34 MP: 2/2
  1401 | D:2      | Noticed Terence
  1408 | D:2      | Killed Terence
  1508 | D:2      | Reached ** piety under Trog
  1920 | D:3      | Reached skill level 5 in Axes
  1920 | D:3      | Reached XP level 4. HP: 41/41 MP: 3/3
  2144 | D:3      | Found an opulent altar of Gozag.
  2144 | D:3      | Found a glowing silver altar of Zin.
  2239 | D:3      | Found a glowing drain.
  2264 | Sewer    | Entered a sewer
  2948 | D:3      | Found an ancient bone altar of Kikubaaqudgha.
  3003 | D:3      | Found a faded altar of an unknown god.
  3007 | D:3      | Reached XP level 5. HP: 46/47 MP: 4/4
  3088 | D:3      | Reached skill level 5 in Fighting
  3499 | D:4      | Reached *** piety under Trog
  3654 | D:4      | Noticed an ogre
  3661 | D:4      | Killed an ogre
  3662 | D:4      | Reached skill level 6 in Axes
  3662 | D:4      | Reached skill level 1 in Stealth
  3848 | D:4      | Found a runed translucent door.
  3849 | D:4      | Noticed Crazy Yiuf
  4125 | D:4      | Noticed a steam dragon
  4135 | D:4      | Engulfed by a steam dragon's steam

Illustrated notes

Levels and vault maps discovered:
D:1:      minmay_arrival_four_loops, layout_basic
D:2:      layout_loops_ring, uniq_terence
D:3:      layout_basic, grunt_temple_overflow_gold_and_silver,
          mainiacjoe_overflow_24_doors, gup_sewer_entry_pipe,
          hellmonk_ecumenical_altar_zigzags
D:4:      layout_layer_cave, uniq_crazy_yiuf_cottage

Skill      XL: |  1  2  3  4  5 |
---------------+----------------+-----
Axes           | 4 5 6 |  6.5
Fighting       | 4 5 |  5.4
Stealth        | 1 |  1.0
Throwing       | |  0.1
Armour         | |  2.5
Dodging        | |  2.2

Action                   |  1- 3 |  4- 6 || total
-------------------------+-------+-------++-------
Melee: War axe           |    59 |   114 ||   173
       Headbutt          |     9 |     9 ||    18
       Hand axe          |     1 |       ||     1
Throw: Boomerang         |       |     4 ||     4
       Dart              |       |     2 ||     2
Invok: Berserk           |     1 |       ||     1
       Trog's Hand       |       |     1 ||     1
Evoke: Wand              |       |     2 ||     2
  Use: Scroll            |     3 |     7 ||    10
       Potion            |     1 |       ||     1
 Stab: Sleeping          |     1 |       ||     1
Armor: Animal skin       |     9 |       ||     9
       Scale mail        |     3 |    43 ||    46
Dodge: Dodged            |    39 |    59 ||    98

Table legend: (Time is in decaauts)
 A = Elapsed time spent in this place.
 B = Non-inter-level travel time spent in this place.
 C = Inter-level travel time spent in this place.
 D = Time resting spent in this place.
 E = Time spent auto-exploring this place.
 F = Levels seen in this place.
 G = Mean time per level.
                   A        B        C        D        E       F      G
               +--------+--------+--------+--------+--------+-----+--------+
         Total |   4330 |   4182 |    148 |      0 |   3406 |   5 |  866.0 |
       Dungeon |   3556 |   3408 |    148 |      0 |   2748 |   4 |  889.0 |
         Sewer |    774 |    774 |      0 |      0 |    657 |   1 |  774.0 |
               +--------+--------+--------+--------+--------+-----+--------+

Top non-repeatable levels by time:
     D:2: 1004 daAuts
     D:3: 964 daAuts
     D:1: 940 daAuts
   Sewer: 774 daAuts
     D:4: 647 daAuts
